 Dungeon Crawl Stone Soup version 0.29.1-2-gbd0b4ee654 (webtiles) character file.

Game seed: 3354388759777069042

4994 safid the Marksminotaur (level 10, -1/84 (88) HPs)
             Began as a Minotaur Hunter on Nov 7, 2022.
             Was an Elder of Okawaru.
             Slain by a wight
             ... wielding a +0 vorpal morningstar
              (2 damage)
             ... on level 10 of the Dungeon.
             The game lasted 00:19:07 (10589 turns).

safid the Marksminotaur (Minotaur Hunter)          Turns: 10589, Time: 00:19:07

HP:   -1/84 (88)    AC:  8    Str: 17    XL:     10   Next: 29%
MP:   0/9           EV: 11    Int:  6    God:    Okawaru [****..]
Gold: 90            SH:  0    Dex: 17    Spells: 9/9 levels left

rFire   . . .      SeeInvis +   C - +2 longbow (freeze)
rCold   . . .      Faith    .   (shield currently unavailable)
rNeg    . . .      Spirit   +   s - +2 ring mail {rPois}
rPois   +          Reflect  .   (helmet restricted)
rElec   .          Harm     .   k - +0 cloak
rCorr   .          Rampage  .   (no gloves)
Will    +....                   (no boots)
Stlth   +.........              g - amulet of guardian spirit
HPRegen 0.24/turn               d - ring of willpower
MPRegen 0.11/turn               E - ring of see invisible

@: lightly drained
A: horns 2, retaliatory headbutt
a: Renounce Religion, Heroism, Finesse


You were on level 10 of the Dungeon.
You worshipped Okawaru.
Okawaru was greatly pleased with you.
You visited 2 branches of the dungeon, and saw 11 of its levels.
You also visited: Ossuary.

You collected 528 gold pieces.
You spent 438 gold pieces at shops.

Inventory:

Hand Weapons
 C - a +2 longbow of freezing (weapon)
Missiles
 u - a throwing net
Armour
 k - a +0 cloak (worn)
 s - a +2 ring mail of poison resistance (worn)
Jewellery
 b - a ring of fire
 d - a ring of willpower (left hand)
 g - an amulet of guardian spirit (around neck)
 E - a ring of see invisible (right hand)
Wands
 l - a wand of flame (18)
 y - a wand of acid (9)
Scrolls
 a - a scroll of blinking
 c - 3 scrolls of fog
 e - a scroll of fear
 j - a scroll of poison
 q - 2 scrolls of magic mapping {unknown}
 w - 2 scrolls of amnesia {unknown}
 A - a scroll of enchant armour
 B - 3 scrolls of enchant weapon
 D - a scroll of silence {unknown}
 F - a scroll of summoning {unknown}
Potions
 h - 8 potions of curing
 i - 2 potions of haste
 m - a potion of attraction {unknown}
 n - a potion of degeneration {unknown}
 o - 3 potions of brilliance {unknown}
 p - 3 potions of lignification
 r - 2 potions of might {unknown}
 t - a potion of heal wounds
 v - a potion of mutation {unknown}
 x - a potion of invisibility {unknown}
 z - a potion of flight {unknown}
 G - a potion of ambrosia {unknown}
 H - a potion of magic {unknown}


   Skills:
 - Level 8.0 Fighting
 + Level 15.4 Ranged Weapons
 - Level 2.1 Dodging
 - Level 0.7 Stealth


You had 9 spell levels left.
You didn't know any spells.
Your spell library contained the following spells:

 Spells                   Type           Power      Damage    Failure   Level
 Ignite Poison            Fire/Tmut/Pois 0%         N/A       95%         3
 Spider Form              Tmut/Pois      0%         N/A       95%         3
 Cause Fear               Hex            0%         N/A       100%        4
 Petrify                  Tmut/Erth      0%         N/A       100%        4
 Dragon Form              Tmut           0%         N/A       100%        7
 Spellforged Servitor     Conj/Summ      Unusable   N/A       N/A         7
 Dragon's Call            Summ           Unusable   N/A       N/A         9

Dungeon Overview and Level Annotations

Branches:
Dungeon (11/15)            Temple (1/1) D:4             Orc (0/2) D:11
Ossuary (visited)
   Lair: D:8-11

Altars:
Ashenzari
Cheibriados
Dithmenos
Elyvilon
Fedhas
Gozag
Hepliaklqana
Makhleb
Nemelex Xobeh
Okawaru
Ru
Sif Muna
Trog
Uskayaw
Wu Jian
Xom
Yredelemnul
The Shining One

Shops:
D:6 (   D:8 !

Portals:
Trove: D:11 (show slimy rune of Zot)

Annotations:
D:8 exclusion: oklob plant
D:10 Grum


Innate Abilities, Weirdness & Mutations

You have a pair of horns on your head.
You reflexively headbutt those who attack you in melee.


Message History

A wight comes into view. It is wielding a +0 scimitar.
The howler monkey barely misses you.
The wight hits you from afar with a +0 halberd!
Fire: C) +2 longbow (freeze)
Press: ? - help, Q - select action, (/) - cycle Shift-Dir - straight line, f - howler monkey
Aim: a howler monkey (68% to hit)
You shoot an arrow. The arrow hits the howler monkey!!
The arrow freezes the howler monkey.
You kill the howler monkey!
Okawaru accepts your kill.
Grum sniffs the air and quickly glances around.
The wight hits you from afar with a +0 halberd!
* * * LOW HITPOINT WARNING * * *
You feel drained.
Fire: C) +2 longbow (freeze)
Press: ? - help, Q - select action, (/) - cycle Shift-Dir - straight line, f - wight
Aim: a wight, wielding a +0 halberd and wearing a +0 robe (71% to hit)
You shoot an arrow.
The arrow hits the wight but does no damage.
The wight closely misses you. The wight barely misses you.
Fire: C) +2 longbow (freeze)
Press: ? - help, Q - select action, (/) - cycle Shift-Dir - straight line, f/p - wight
Aim: a wight, wielding a +0 halberd and wearing a +0 robe (71% to hit)
You shoot an arrow. The arrow hits the wight.
The wight is moderately damaged.
The wight hits you from afar with a +0 halberd!
* * * LOW HITPOINT WARNING * * *
Fire: C) +2 longbow (freeze)
Press: ? - help, Q - select action, (/) - cycle Shift-Dir - straight line, f/p - wight
Aim: a wight, wielding a +0 halberd and wearing a +0 robe (moderately damaged, 71% to hit)
You shoot an arrow. The arrow hits the wight!
You destroy the wight!
Okawaru accepts your kill. Grum barely misses you.
A wight comes into view. It is wielding a +0 vorpal morningstar.
You feel yourself speed up.
The wight hits you with a +0 vorpal morningstar!
* * * LOW HITPOINT WARNING * * *
You feel drained.
You die...

#.# #..
#.# #.#
##.## ...
#.## #@.#
#.####z.#
...>..g.#
....###z#
.## #.#
###.###z##
....W....#
###.###†.#
#..#


You could see Grum and 3 wights.

Vanquished Creatures
  A vault guard (D:11)
  An oklob plant (D:8)
  A wraith (D:10)
  A steam dragon (D:7)
  2 vampire mosquitoes (D:10)
  A warg (D:11)
  A floating eye (D:8)
  An orc warrior (D:8)
  An ice beast (D:5)
  3 wolves (D:10)
  An ogre (D:5)
  2 centaurs
  3 phantoms (D:4)
  A kobold brigand (D:8)
  A bullfrog (D:6)
  5 scorpions
  A wight (D:10)
  2 jellies
  5 howler monkeys
  6 centaur zombies
  A centaur skeleton (D:4)
  A human zombie (Ossuary)
  10 orc priests
  A gnoll bouda (D:7)
  8 hounds
  4 iguanas
  8 orc wizards
  3 scorpion zombies (D:4)
  3 hound zombies (D:4)
  2 hound skeletons (D:4)
  7 mummies (Ossuary)
  3 adders
  5 gnolls
  A shadow imp (D:6)
  A white imp (D:7)
  An ufetubus (D:6)
  3 adder zombies
  An adder skeleton (D:4)
  3 worms
  2 dart slugs
  42 orcs
  4 bats
  10 endoplasms
  6 giant cockroaches
  7 goblins
  6 hobgoblins
  3 jackals (D:5)
  8 kobolds
  3 quokkas
  3 ball pythons
  2 frilled lizards (D:2)
  4 goblin zombies (Ossuary)
  3 hobgoblin zombies (Ossuary)
  3 kobold zombies (Ossuary)
  7 quokka zombies (Ossuary)
  6 rats
  6 rat zombies
231 creatures vanquished.

Vanquished Creatures (others)
  25 plants
  4 withered plants (D:4)
29 creatures vanquished.

Grand Total: 260 creatures vanquished

Notes
Turn   | Place    | Note
-------+----------+-------------------------------------------
     0 | D:1      | safid the Minotaur Hunter began the quest for the Orb.
     0 | D:1      | Reached XP level 1. HP: 18/18 MP: 0/0
   261 | D:1      | Reached XP level 2. HP: 19/26 MP: 1/1
   938 | D:2      | Reached skill level 5 in Ranged Weapons
   938 | D:2      | Reached XP level 3. HP: 22/31 MP: 2/2
  1101 | D:2      | Found an ornate altar of the Wu Jian Council.
  1457 | D:3      | Reached XP level 4. HP: 40/40 MP: 3/3
  1667 | D:3      | HP: 1/41 [orc priest/+0 mace (8)]
  1809 | D:3      | Reached XP level 5. HP: 23/47 MP: 4/4
  2075 | D:3      | Reached skill level 5 in Fighting
  2075 | D:3      | Reached skill level 6 in Ranged Weapons
  2145 | D:3      | Found a sacrificial altar of Ru.
  2284 | D:3      | Found a sparkling altar of Nemelex Xobeh.
  2595 | D:4      | Reached XP level 6. HP: 56/56 MP: 5/5
  2600 | D:4      | Found a staircase to the Ecumenical Temple.
  2608 | Temple   | Entered the Ecumenical Temple
  2759 | Temple   | Became a worshipper of Warmaster Okawaru
  2942 | D:4      | Noticed a sky beast
  3333 | D:4      | Reached skill level 7 in Ranged Weapons
  3429 | D:4      | Reached * piety under Okawaru
  3430 | D:4      | Reached XP level 7. HP: 60/64 MP: 6/6
  4193 | D:5      | Entered Level 5 of the Dungeon
  4200 | D:5      | Found a sand-covered staircase.
  4221 | Ossuary  | Entered an ossuary
  4384 | Ossuary  | Reached skill level 8 in Ranged Weapons
  5058 | Ossuary  | Reached XP level 8. HP: 63/74 MP: 7/7
  5313 | D:5      | Reached skill level 9 in Ranged Weapons
  5326 | D:5      | Reached ** piety under Okawaru
  5841 | D:5      | Reached skill level 10 in Ranged Weapons
  6393 | D:6      | Reached skill level 11 in Ranged Weapons
  6717 | D:6      | Found a shadowy altar of Dithmenos.
  6773 | D:6      | Found Issupade's Weapon Shoppe.
  6779 | D:6      | Bought a +2 longbow of freezing for 308 gold pieces
  6971 | D:6      | Reached XP level 9. HP: 22/81 MP: 8/8
  7669 | D:7      | Reached *** piety under Okawaru
  7670 | D:7      | Reached skill level 12 in Ranged Weapons
  8337 | D:8      | Got the Incunable of Transmuted Leadership
  8422 | D:8      | Reached skill level 13 in Ranged Weapons
  8652 | D:8      | Found Fyniuha's Distillery.
  8664 | D:8      | Bought a potion of haste for 130 gold pieces
  8683 | D:8      | Found a blossoming altar of Fedhas.
  8686 | D:8      | Found a basalt altar of Yredelemnul.
  8752 | D:8      | Noticed an oklob plant
  9015 | D:8      | Noticed an oklob plant
  9825 | D:8      | Killed an oklob plant
  9825 | D:8      | Reached **** piety under Okawaru
  9826 | D:8      | Reached skill level 14 in Ranged Weapons
  9970 | D:8      | You fall into a shaft and drop 3 floors!
  9984 | D:11     | Noticed a vault guard
  9996 | D:11     | Killed a vault guard
  9997 | D:11     | Reached XP level 10. HP: 29/88 MP: 1/9
 10249 | D:11     | Found a portal to a secret trove of treasure.
 10277 | D:11     | Noticed a skeletal warrior
 10290 | D:11     | Noticed a gargoyle
 10303 | D:11     | Found a staircase to the Orcish Mines.
 10303 | D:11     | Noticed a skeletal warrior
 10303 | D:11     | Noticed a skeletal warrior
 10306 | D:11     | Noticed a five-headed hydra
 10318 | D:11     | Noticed a white ugly thing
 10322 | D:10     | Entered Level 10 of the Dungeon
 10557 | D:10     | Reached skill level 15 in Ranged Weapons
 10568 | D:10     | Noticed Grum
 10589 | D:10     | HP: 1/86 [wight/+0 vorpal morningstar (11)]
 10589 | D:10     | Slain by a wight

Illustrated notes

Levels and vault maps discovered:
D:1:      minmay_arrival_open_corners, layout_loops_ring, serial_glass,
          glass_columns_a, glass_columns_b
D:2:      layout_rooms, basic_altar, minmay_misc_feat_cross
D:3:      layout_rooms, nemelex_diamond_rough_becter,
          nicolae_ru_sacrificial_ziggurat
D:4:      layout_basic, minmay_temple_entry_hall, serial_undead,
          serial_undead_e, serial_undead_f, serial_undead_f, serial_undead_b,
          serial_undead_c, serial_undead_a, serial_undead_c
D:5:      layout_loops_cross, enter_ossuary_3, cheibrodos_gnoll_hut
D:6:      layout_rooms, grunt_dithmenos_smoke, serial_shops, nicolae_shop_trees
D:7:      layout_loops_cross, serial_bayou_pond_c, st_stairs_3,
          kennysheep_generic_room_3
D:8:      layout_loops_ring, chequers_temple_overflow_statue_of_worship,
          serial_shops, nicolae_shop_advertising_works
          [nicolae_subvault_shop_adworks], disabler_island
D:10:     layout_loops_ring, mainiacjoe_overflow_brackets, fiery_altar_vehumet,
          uniq_grum
D:11:     layout_cross, minmay_orc_entry_guard_dogs, enter_trove_5
Temple:   hellmonk_temple_flake

Skill      XL: |  1  2  3  4  5  6  7  8  9 10 |
---------------+-------------------------------+-----
Fighting       | 3 4 5 6 8 |  8.0
Ranged Weapons | 5 6 7 8 11 14 15 | 15.4
Dodging        | |  2.1
Stealth        | |  0.7

Action                   |  1- 3 |  4- 6 |  7- 9 | 10-12 || total
-------------------------+-------+-------+-------+-------++-------
 Fire: Shortbow          |   123 |   155 |   392 |       ||   670
       Longbow           |       |       |   142 |    37 ||   179
Invok: Finesse           |       |       |     1 |     1 ||     2
  Use: Scroll            |       |       |    11 |     4 ||    15
       Potion            |       |       |       |     2 ||     2
Armor: Scale mail        |    16 |    44 |   132 |       ||   192
       Leather armour    |     1 |       |       |       ||     1
       Ring mail         |       |       |     8 |    12 ||    20
Dodge: Dodged            |    34 |    55 |   187 |    37 ||   313
